 Dungeon Crawl Stone Soup version 0.28-a0-1555-g9ae15a6949 (webtiles) character file.

Game seed: 10651715727204762700

199 buddhastalin the Poker (level 5, 0/47 HPs)
             Began as a Draconian Berserker on Jan 19, 2022.
             Was a Believer of Trog.
             Slain by an orc priest (4 damage)
             ... on level 3 of the Dungeon.
             The game lasted 00:04:03 (2338 turns).

buddhastalin the Poker (Draconian Berserker)        Turns: 2338, Time: 00:04:03

Health: 0/47       AC:  5    Str: 21    XL:     5   Next: 48%
Magic:  5/5        EV: 12    Int:  7    God:    Trog [**....]
Gold:   83         SH:  0    Dex: 11    Spells: 4/4 levels left

rFire   . . .      SeeInvis .   a - +0 spear
rCold   . . .      Faith    .   (no shield)
rNeg    . . .      Spirit   .   (armour unavailable)
rPois   .          Reflect  .   f - +0 hat
rElec   .          Harm     .   (no cloak)
rCorr   .          Rampage  .   (no gloves)
Will    .....                   (no boots)
Stlth   +.........              h - amulet of the acrobat
HPRegen 0.15/turn               (no ring)
MPRegen 0.09/turn               (no ring)

@: mighty, on berserk cooldown, hasted and slowed
A: AC +5, unfitting armour, cold-blooded
a: Renounce Religion, Berserk, Trog's Hand


You were on level 3 of the Dungeon.
You worshipped Trog.
Trog was pleased with you.
You visited 1 branch of the dungeon, and saw 3 of its levels.

You collected 83 gold pieces.

Inventory:

Hand Weapons
 a - a +0 spear (weapon)
Armour
 f - a +0 hat (worn)
Jewellery
 h - an amulet of the acrobat (around neck)
Scrolls
 b - 2 scrolls of teleportation {unknown}
 c - a scroll of fog {unknown}
 d - a scroll of blinking {unknown}
 e - a scroll of torment {unknown}
 i - 2 scrolls of vulnerability {unknown}
 j - a scroll of identify {unknown}
Potions
 k - a potion of haste


   Skills:
 + Level 4.4 Fighting
 * Level 4.9 Polearms
 + Level 3.6 Dodging


You had 4 spell levels left.
You didn't know any spells.
Your spell library was empty.

Dungeon Overview and Level Annotations

Branches:
Dungeon (3/15)

Altars:

Annotations:
D:3 1 runed translucent door, hashsling's ghost, amateur GnWn


Innate Abilities, Weirdness & Mutations

Your plain brown scales are hard. (AC +5)
You cannot fit into any form of body armour.
You are cold-blooded and may be slowed by cold attacks.


Message History

You hear some strange, mumbled words.
A magic dart appears from out of thin air!
The magic dart hits you!
You closely miss something. Something hits you but does no damage.
You hit something.
The orc priest looks braver for a moment.
You closely miss the orc.
Your tail-slap misses the orc.
Something hits you but does no damage. The orc hits you with a +0 hand axe.
Something hits you but does no damage.
You puncture the orc!
You kill the orc!
Trog accepts your kill. Something hits you but does no damage.
You barely miss the orc priest. The orc priest barely misses you.
Something completely misses you.
You hit the orc priest.
The orc priest is lightly wounded.
The orc priest hits you with a +0 flail.
You hear some strange, mumbled words.
A puff of flame appears from out of thin air!
The puff of flame hits you!
* * * LOW HITPOINT WARNING * * *
The orc priest barely misses you.
It was a potion of might.
You feel very mighty all of a sudden. Something hits you.
* * * LOW HITPOINT WARNING * * *
The orc priest closely misses you.
You hear some strange, mumbled words.
A puff of flame appears from out of thin air!
The puff of flame misses you.
It was a potion of haste.
You feel yourself speed up. The orc priest barely misses you.
Something hits you but does no damage. The orc priest barely misses you.
You puncture the orc priest!
The orc priest is almost dead.
Something hits you.
* * * LOW HITPOINT WARNING * * *
The orc priest hits you with a +0 flail.
You die...

#####.. ..... ......
. #..o ..... .. #...
...# ... #{s ... #
....###$. ##)##..#
......o.# #.....#
.......o#####.#...#
....###.....#@# ..#
......##....o{#...#
....#...†##.##....#
........###.........
..#...............##
....#.###....(....#
......###.###.......
..<.........####....
............#≈# ..


You could see an orc priest.

Vanquished Creatures
  A scorpion (D:3)
  An orc priest (D:3)
  A bullfrog skeleton (D:3)
  Robin (D:2)
  A gnoll (D:1)
  2 adders
  A worm (D:2)
  A dart slug (D:2)
  2 orcs (D:3)
  A ball python (D:3)
  2 bats
  5 endoplasms
  2 giant cockroaches (D:3)
  13 goblins
  7 hobgoblins
  2 jackals (D:1)
  A quokka (D:1)
  3 frilled lizards
  4 kobolds
  4 rats
55 creatures vanquished.

Notes
Turn   | Place    | Note
-------+----------+-------------------------------------------
     0 | D:1      | buddhastalin the Draconian Berserker began the quest for
                  | the Orb.
     0 | D:1      | Reached XP level 1. HP: 19/19 MP: 1/1
   184 | D:1      | Reached XP level 2. HP: 26/26 MP: 2/2
   502 | D:1      | Found a faded altar of an unknown god.
   989 | D:1      | Reached XP level 3. HP: 33/33 MP: 3/3
  1199 | D:2      | Noticed Robin
  1621 | D:2      | Reached ** piety under Trog
  1651 | D:2      | Killed Robin
  1652 | D:2      | Reached XP level 4. HP: 28/40 MP: 4/4
  2227 | D:3      | Found a runed translucent door.
  2232 | D:3      | Noticed a bullfrog
  2234 | D:3      | Noticed hashsling's ghost (amateur GnWn)
  2302 | D:3      | Noticed a scorpion
  2320 | D:3      | Killed a scorpion
  2321 | D:3      | Reached XP level 5. HP: 47/47 MP: 5/5
  2338 | D:3      | Slain by an orc priest

Illustrated notes

Levels and vault maps discovered:
D:1:      sevenhm_arrival_forest_fort_large_2, layout_loops_ring,
          ebering_ecumenical_altar_abandoned
D:2:      layout_rooms, uniq_robin
D:3:      layout_rooms, general_overflow_altar, ebering_ghost_sewer_d

Skill      XL: |  1  2  3 |
---------------+----------+-----
Dodging        | 3 |  3.6
Polearms       | 4 |  4.9
Fighting       | 4 |  4.4

Action                   |  1- 3 |  4- 6 || total
-------------------------+-------+-------++-------
Melee: Spear             |   136 |    79 ||   215
       Tailslap          |    11 |     8 ||    19
       Punch             |     1 |     3 ||     4
Invok: Berserk           |       |     1 ||     1
  Use: Potion            |       |     2 ||     2
 Stab: Sleeping          |     1 |       ||     1
Armor: Skin              |    26 |    18 ||    44
Dodge: Dodged            |    44 |    49 ||    93

Table legend: (Time is in decaauts)
 A = Elapsed time spent in this place.
 B = Non-inter-level travel time spent in this place.
 C = Inter-level travel time spent in this place.
 D = Time resting spent in this place.
 E = Time spent auto-exploring this place.
 F = Levels seen in this place.
 G = Mean time per level.
                   A        B        C        D        E       F      G
               +--------+--------+--------+--------+--------+-----+--------+
         Total |   2319 |   2184 |    135 |    771 |   1023 |   3 |  773.0 |
       Dungeon |   2319 |   2184 |    135 |    771 |   1023 |   3 |  773.0 |
               +--------+--------+--------+--------+--------+-----+--------+

Top non-repeatable levels by time:
     D:1: 1230 daAuts
     D:2: 799 daAuts
     D:3: 289 daAuts
